 Dungeon Crawl Stone Soup version 0.28.0-61-g67df4f89a8 (webtiles) character file.

Game seed: 9620016241596751482

434 AarnesTheHuman the Chopper (level 7, -13/61 HPs)
             Began as a Hill Orc Fighter on Feb 13, 2023.
             Mangled by an ogre
             ... wielding a +0 giant club
              (30 damage)
             ... on level 5 of the Dungeon.
             The game lasted 00:04:17 (4250 turns).

AarnesTheHuman the Chopper (Hill Orc Fighter)       Turns: 4250, Time: 00:04:17

Health: -13/61     AC: 12    Str: 21    XL:     7   Next: 0%
Magic:  7/7        EV:  7    Int:  8    God:
Gold:   185        SH:  4    Dex: 10    Spells: 6/6 levels left

rFire   . . .      SeeInvis .   a - +0 war axe
rCold   . . .      Faith    .   c - +0 buckler
rNeg    . . .      Spirit   .   i - +0 chain mail
rPois   .          Reflect  .   (no helmet)
rElec   .          Harm     .   (no cloak)
rCorr   .          Rampage  .   l - +2 pair of gloves
Will    .....                   (no boots)
Stlth   ..........              (no amulet)
HPRegen 0.20/turn               (no ring)
MPRegen 0.10/turn               (no ring)

@: no status effects
A: no striking features
a: no special abilities


You were on level 5 of the Dungeon.
You visited 2 branches of the dungeon, and saw 6 of its levels.

You collected 185 gold pieces.

Inventory:

Hand Weapons
 a - a +0 war axe (weapon)
 b - a +0 dagger of venom
 k - a +0 hunting sling
Missiles
 g - 45 stones (quivered)
Armour
 c - a +0 buckler (worn)
 f - a +0 scale mail
 i - a +0 chain mail (worn)
 l - a +2 pair of gloves (worn)
Jewellery
 e - a ring of protection from fire
 o - an amulet of faith
Scrolls
 h - 3 scrolls of teleportation
 m - a scroll of blinking


   Skills:
 + Level 5.1 Fighting
 * Level 6.3 Axes
 + Level 4.7 Armour
 + Level 4.7 Shields


You had 6 spell levels left.
You didn't know any spells.
Your spell library was empty.

Dungeon Overview and Level Annotations

Branches:
Dungeon (5/15)             Temple (1/1) D:4

Altars:
Ashenzari
Cheibriados
Dithmenos
Elyvilon
Gozag
Makhleb
Ru
Trog
Uskayaw
Vehumet
Xom
Yredelemnul

Shops:
D:1 (


Message History

There is a stone staircase leading down here.
Your surroundings suddenly seem different.
There is a stone staircase leading down here.
You climb downwards.
You hear the sound of rushing water.
There is an entrance to a sewer on this level.
Hurry and find it before the portal rusts away!
Found a scroll of teleportation and 10 gold pieces.
There is a stone staircase leading up here.
As you read the scroll labelled YJUBIY PASIFE, it crumbles to dust.
It is a scroll of identify.
m - a scroll of blinking
As you read the scroll labelled XUVUMA TOIMPA, it crumbles to dust.
The scroll dissolves into smoke.
It was a scroll of fog.
As you read the scroll labelled JETUZU VUNWODD, it crumbles to dust.
You assume a fearsome visage.
Nothing appears to happen.
It was a scroll of fear.
h - 3 scrolls of teleportation (gained 1)
Found a scroll of fear.
You open the door.
An ogre comes into view. It is wielding a +0 giant club.
The ogre shouts!
The ogre hits you with a +0 giant club!
There is an open door, spattered with blood here.
You slash the ogre!
The ogre is heavily wounded.
You block the ogre's attack.
You slash the ogre!
The ogre is severely wounded.
The ogre barely misses you.
You hit the ogre but do no damage.
The ogre is severely wounded.
The ogre hits you with a +0 giant club!
You hit the ogre.
The ogre is almost dead.
The ogre hits you with a +0 giant club!!
* * * LOW HITPOINT WARNING * * *
You hit the ogre but do no damage.
The ogre is almost dead.
The ogre hits you with a +0 giant club!!
You die...

##§§§..........#
#§§§#§....##...#
.....§#§§......#...#####
##### §§#...............
#.##....###..####### ..
#.#.##.##.......# ###
#...#...#...###?# ## ##
..####O####..##.# ###.
.###.# #@# ##....#
...#..... +.+ #.##.#
#...# #.## ##.##.### #<#
#.#.###......... #.#
...#.....###.#### #(#
##.###..### # #.#
#......# ..# ........
### #...######


You could see an ogre.

Vanquished Creatures
  Grinder (D:4)
  A necrophage (D:4)
  A mummy (D:3)
  4 gnolls (D:4)
  4 adders
  A worm (D:2)
  3 ball pythons
  2 endoplasms
  2 giant cockroaches
  6 goblins
  8 hobgoblins
  4 jackals (D:1)
  3 kobolds
  2 quokkas (D:2)
  4 bats
  A frilled lizard (D:1)
  3 rats (D:1)
50 creatures vanquished.

Vanquished Creatures (collateral kills)
  A jelly (D:4)
1 creature vanquished.

Grand Total: 51 creatures vanquished

Notes
Turn   | Place    | Note
-------+----------+-------------------------------------------
     0 | D:1      | AarnesTheHuman the Hill Orc Fighter began the quest for the
                  | Orb.
     0 | D:1      | Reached XP level 1. HP: 19/19 MP: 1/1
    84 | D:1      | Found Ycuuddez's Antique Weapon Boutique.
   168 | D:1      | Reached skill level 3 in Axes
   189 | D:1      | Reached XP level 2. HP: 27/27 MP: 2/2
   705 | D:1      | Found a faded altar of an unknown god.
   829 | D:2      | Reached XP level 3. HP: 29/33 MP: 3/3
  1312 | D:2      | Reached skill level 4 in Axes
  1325 | D:2      | Reached XP level 4. HP: 35/40 MP: 4/4
  1926 | D:3      | Found a broken altar of Ashenzari.
  2011 | D:3      | Found a basalt altar of Yredelemnul.
  2117 | D:3      | Found a snail-covered altar of Cheibriados.
  2488 | D:4      | Found a staircase to the Ecumenical Temple.
  2497 | Temple   | Entered the Ecumenical Temple
  2994 | D:4      | Reached XP level 5. HP: 45/47 MP: 5/5
  3359 | D:4      | Noticed Grinder
  3370 | D:4      | Noticed a necrophage
  3375 | D:4      | Killed a necrophage
  3376 | D:4      | Reached skill level 5 in Axes
  3376 | D:4      | Reached XP level 6. HP: 43/53 MP: 6/6
  3377 | D:4      | Killed Grinder
  3378 | D:4      | Reached skill level 5 in Fighting
  3378 | D:4      | Reached skill level 6 in Axes
  3737 | D:4      | Reached XP level 7. HP: 61/61 MP: 7/7
  4204 | D:5      | Entered Level 5 of the Dungeon
  4250 | D:5      | Mangled by an ogre

Illustrated notes

Levels and vault maps discovered:
D:1:      ebering_trefoil_3fold, layout_loops_ring, basic_ecumenical_altar,
          serial_shops, nicolae_shop_overgrown_old_shop
D:2:      layout_basic, uniq_crazy_yiuf_cottage
D:3:      layout_basic, nicolae_ashenzari_panopticon, slow_altar_2,
          overflow_temple_1_default, serial_glass, glass_columns_c,
          glass_columns_a, item_on_display_a, item_on_display_a,
          minmay_strange_pillars
D:4:      layout_layer_cave, minmay_temple_entry_butterflies, serial_rivers,
          chequers_serial_rivers_micro_a, chequers_serial_rivers_micro_b,
          chequers_serial_rivers_room_a, chequers_serial_rivers_large_a,
          chequers_serial_rivers_micro_a, chequers_hall_statues_y,
          nicolae_grassy_gnolls, uniq_grinder
D:5:      layout_loops_ring, nemelex_dance_club_becter, jmf_multi_god_temple2,
          gup_sewer_entry_pipe, uniq_ijyb
Temple:   compressed_dpeg_triangle_lava_temple

Skill      XL: |  1  2  3  4  5  6 |
---------------+-------------------+-----
Axes           | 3 4 5 6 |  6.3
Fighting       | 4 5 |  5.1
Armour         | 4 |  4.7
Shields        | 4 |  4.7

Action                   |  1- 3 |  4- 6 |  7- 9 || total
-------------------------+-------+-------+-------++-------
Melee: War axe           |    99 |    51 |     6 ||   156
  Use: Scroll            |       |     1 |     4 ||     5
       Potion            |       |     1 |       ||     1
Armor: Scale mail        |    44 |       |       ||    44
       Chain mail        |       |    27 |     1 ||    28
Dodge: Dodged            |    50 |    12 |     1 ||    63
Block: Buckler           |    29 |    13 |     1 ||    43
